 Dungeon Crawl Stone Soup version 0.29-a0-333-gb4c28e87c6 (webtiles) character file.

Game seed: 9539586645556029938

43 Jortsu the Skirmisher (level 3, -16/29 HPs)
             Began as a Demonspawn Fighter on Apr 13, 2022.
             Was a Follower of Nemelex Xobeh.
             Demolished by Crazy Yiuf
             ... wielding a +4 quarterstaff of chaos
              (20 damage)
             ... on level 2 of the Dungeon.
             The game lasted 00:03:00 (1660 turns).

Jortsu the Skirmisher (Demonspawn Fighter)          Turns: 1660, Time: 00:03:01

Health: -16/29     AC:  7    Str: 18    XL:     3   Next: 37%
Magic:  3/3        EV:  9    Int:  9    God:    Nemelex Xobeh [*.....]
Gold:   160        SH:  4    Dex: 12    Spells: 2/2 levels left

rFire   . . .      SeeInvis .   a - +0 war axe
rCold   . . .      Faith    .   c - +0 buckler
rNeg    . . .      Spirit   .   b - +0 scale mail
rPois   .          Reflect  .   g - +1 hat
rElec   .          Harm     .   (no cloak)
rCorr   .          Rampage  .   (no gloves)
Will    .....                   (no boots)
Stlth   ..........              m - amulet of the acrobat
HPRegen 0.09/turn               (no ring)
MPRegen 0.08/turn               (no ring)

@: no status effects
A: demonic guardian 1, weakness stinger 1
a: Renounce Religion, Draw Escape, Draw Destruction, Draw Summoning


You were on level 2 of the Dungeon.
You worshipped Nemelex Xobeh.
Nemelex Xobeh was aware of your devotion.
You visited 1 branch of the dungeon, and saw 2 of its levels.

You collected 160 gold pieces.

Inventory:

Hand Weapons
 a - a +0 war axe (weapon)
Armour
 b - a +0 scale mail (worn)
 c - a +0 buckler (worn)
 g - a +1 hat (worn)
Jewellery
 m - an amulet of the acrobat (around neck)
Scrolls
 i - a scroll of noise {unknown}
 k - a scroll of vulnerability {unknown}
 l - 2 scrolls of identify {unknown}
 n - a scroll of teleportation
 o - a scroll of enchant armour {unknown}
Potions
 d - a potion of might
 e - a potion of flight {unknown}
 f - a potion of resistance {unknown}
 h - a potion of mutation {unknown}
 j - a potion of invisibility {unknown}


   Skills:
 + Level 3.3 Fighting
 + Level 2.5 Axes
 + Level 2.9 Armour
 + Level 0.5 Dodging
 + Level 2.9 Shields


You had 2 spell levels left.
You didn't know any spells.
Your spell library contained the following spells:

 Spells                   Type           Power      Damage    Failure   Level
 Ignite Poison            Fire/Tmut/Pois 0%         N/A       99%         3
 Mephitic Cloud           Conj/Pois/Air  0%         N/A       99%         3
 Freezing Cloud           Conj/Ice/Air   0%         6-21      100%        5


Dungeon Overview and Level Annotations

Branches:
Dungeon (2/15)

Altars:
Nemelex Xobeh

Annotations:
D:2 Crazy Yiuf


Innate Abilities, Weirdness & Mutations

A weak demonic guardian rushes to your aid.
You have a small tail.


Message History

The ball python bites you but does no damage.
The ball python constricts you.
The ball python bites you but does no damage.
The ball python constricts you.
You slash the ball python!
You kill the ball python!
You now have 160 gold pieces (gained 9).
o - a scroll labelled POJOUZAUXKI
Found a mace.
Found a runed translucent door.
You open the door.
Crazy Yiuf screams, "Spliff!
Citrus bag alas."
You draw a card...
You have drawn the Illusion.
Suddenly you stand beside yourself.
Crazy Yiuf hits you with a +4 quarterstaff of chaos.
A demonic guardian appears!
Crazy Yiuf attacks as you move away!
Crazy Yiuf hits you with a +4 quarterstaff of chaos!
Crazy Yiuf burns you.
You swap places.
Crazy Yiuf hits your white imp with a +4 quarterstaff of chaos!
Your white imp dies!
Your white imp disappears in a puff of smoke!
Jortsu's illusion hits Crazy Yiuf!
You draw a card...
You have drawn Vitriol.
Press: ? - help, Shift-Dir - straight line, f - Crazy Yiuf
Aim: Crazy Yiuf, wielding a +4 quarterstaff of chaos and wearing a +0 cloak (moderately wounded, ally target)
The glob of acid misses Crazy Yiuf.
The glob of acid hits Jortsu's illusion!
Jortsu's illusion is heavily wounded.
Jortsu's illusion shimmers and vanishes!
Crazy Yiuf says, "Goldfish!
Action dark ragdoll."
You hit Crazy Yiuf but do no damage.
Your tail-slap misses Crazy Yiuf.
Crazy Yiuf is moderately wounded.
Crazy Yiuf hits you with a +4 quarterstaff of chaos!
* * * LOW HITPOINT WARNING * * *
You are electrocuted!!
Ouch! That really hurt!
You die...
Your body disappears without a glow.

.# #.# ##### .# #.# #)..# .#
#.# #...# .#### #.# ...
....####.# #'# .........# ♣.♣♣
.##.##...# ♣♣.♣ .##.#....#
♣g♣♣ ##### ###......# ♣♣@♣
#...# .........# ♣♣.♣♣ ###.#
### ####.....# ♣♣.P.♣
###.#####.## # ##....# ♣PPP.♣
#..........# # ##...# #....#
##........## #
##..#####..####...####..#
##########.#..........#####..#
).....## #..##........##.....#
.......# #.#####......##.##.##


You could see Crazy Yiuf.

Vanquished Creatures
  A worm (D:2)
  2 dart slugs
  3 endoplasms (D:1)
  A giant cockroach (D:1)
  8 goblins
  A hobgoblin (D:1)
  3 quokkas (D:1)
  4 ball pythons
  3 bats
  3 frilled lizards (D:1)
  2 kobolds (D:1)
  4 rats
35 creatures vanquished.

Vanquished Creatures (others)
  A fungus (D:2)
  3 plants (D:2)
4 creatures vanquished.

Grand Total: 39 creatures vanquished

Notes
Turn   | Place    | Note
-------+----------+-------------------------------------------
     0 | D:1      | Jortsu the Demonspawn Fighter began the quest for the Orb.
     0 | D:1      | Reached XP level 1. HP: 18/18 MP: 1/1
   127 | D:1      | Gained mutation: A weak demonic guardian rushes to your
                  | aid. [demonic ancestry]
   127 | D:1      | Reached XP level 2. HP: 15/24 MP: 2/2
   694 | D:1      | Gained mutation: You have a small tail. [demonic ancestry]
   694 | D:1      | Reached XP level 3. HP: 29/29 MP: 3/3
  1165 | D:2      | Found a faded altar of an unknown god.
  1175 | D:2      | Prayed at the altar of an unknown god.
  1175 | D:2      | Became a worshipper of Nemelex Xobeh the Trickster
  1175 | D:2      | Reached * piety under Nemelex Xobeh
  1266 | D:2      | Received a gift from Nemelex Xobeh
  1650 | D:2      | Found a runed translucent door.
  1651 | D:2      | Noticed Crazy Yiuf
  1660 | D:2      | Demolished by Crazy Yiuf

Illustrated notes

Levels and vault maps discovered:
D:1:      giann_forest_graveyard, layout_basic
D:2:      layout_loops_cross, shapermc_ecumenical_altar_mp_ritualfount,
          uniq_crazy_yiuf_cottage

Skill      XL: |  1  2 |
---------------+-------+-----
Axes           | 2 |  2.5
Fighting       | |  3.3
Armour         | |  2.9
Dodging        | |  0.5
Shields        | |  2.9

Action                   || total
-------------------------++-------
Melee: War axe           ||    95
       Tailslap          ||     1
Invok: Draw Destruction  ||     1
       Draw Summoning    ||     1
  Use: Scroll            ||     4
Armor: Scale mail        ||    55
Dodge: Dodged            ||    51
Block: Buckler           ||    28

Table legend: (Time is in decaauts)
 A = Elapsed time spent in this place.
 B = Non-inter-level travel time spent in this place.
 C = Inter-level travel time spent in this place.
 D = Time resting spent in this place.
 E = Time spent auto-exploring this place.
 F = Levels seen in this place.
 G = Mean time per level.
                   A        B        C        D        E       F      G
               +--------+--------+--------+--------+--------+-----+--------+
         Total |   1701 |   1701 |      0 |    108 |   1218 |   2 |  850.5 |
       Dungeon |   1701 |   1701 |      0 |    108 |   1218 |   2 |  850.5 |
               +--------+--------+--------+--------+--------+-----+--------+

Top non-repeatable levels by time:
     D:1: 1096 daAuts
     D:2: 605 daAuts
